 Dungeon Crawl Stone Soup version 0.32-a0-30-gefbe487952 (webtiles) character file.

Game seed: 10120081881806575772

194653 Sobieck the Warrior (level 18, -5/126 HPs)
             Began as a Gargoyle Monk on Jan 19, 2024.
             Was the Champion of the Shining One.
             Slain by an emperor scorpion (11 damage)
             ... on level 4 of the Spider Nest.
             The game lasted 01:17:19 (28909 turns).

Sobieck the Warrior (Gargoyle Monk)                Turns: 28909, Time: 01:17:19

Health: -5/126     AC: 47    Str: 25    XL:     18   Next: 76%
Magic:  25/25      EV: 10    Int: 11    God:    the Shining One [******]
Gold:   1456       SH: 14    Dex: 12    Spells: 17/17 levels left

rFire   + + +        a - +8 sacred scourge (holy) {god gift}
rCold   + . .        C - +0 kite shield {reflect} {Donald}
rNeg    + + +        q - +10 chain mail of Ciagoham {rF+}
rPois   ∞            S - +2 helmet
rElec   +            p - scarf {rC+ rF+}
rCorr   +            K - +2 pair of gloves {hurl}
SInv    .            F - +0 pair of boots "Wokou" {rF+ rN+ Str+2}
Will    ++...        r - amulet of regeneration Stlth
                     m - ring of willpower
HPRegen 1.21/turn    g - ring of resist corrosion
MPRegen 0.19/turn

%: reflection
@: about to teleport, flying, slowed, glowing, studying Axes, very slow
A: sickness immunity, AC +13, big wings, negative energy resistance 1,
electricity resistance, torment resistance 1, petrification resistance
a: Renounce Religion, Divine Shield, Cleansing Flame, Summon Divine Warrior


You were on level 4 of the Spider Nest.
You worshipped the Shining One.
The Shining One was exalted by your worship.
You visited 6 branches of the dungeon, and saw 28 of its levels.

You collected 2852 gold pieces.
You spent 1396 gold pieces at shops.

Inventory:

Hand Weapons
 a - a +8 sacred scourge of holy wrath (weapon) {god gift}
Missiles
 k - 50 poisoned darts
 t - 35 boomerangs
 v - 6 javelins (quivered)
 x - 3 silver javelins
 Z - 2 throwing nets
Armour
 p - a scarf of resistance (worn)
 q - the +10 chain mail of Ciagoham (worn) {rF+}
   (You bought it in a shop on level 2 of the Orcish Mines)

   rF+:       It protects you from fire.
 C - a +0 kite shield of reflection (worn) {Donald}
 F - the +0 pair of boots "Wokou" (worn) {rF+ rN+ Str+2}
   (You found it on level 10 of the Dungeon)

   Str+2:     It affects your strength (+2).
   rF+:       It protects you from fire.
   rN+:       It protects you from negative energy.
 K - a +2 pair of gloves of hurling (worn)
 S - a +2 helmet (worn)
Jewellery
 c - a ring of protection from cold
 f - a ring of protection from fire
 g - a ring of resist corrosion (right hand)
 m - a ring of willpower (left hand)
 r - an amulet of regeneration (around neck)
 w - a +6 ring of dexterity
 B - a ring of ice
 N - a +4 ring of protection
 W - a ring of protection from fire
Wands
 l - a wand of roots (29)
 y - a wand of mindburst (10)
 z - a wand of polymorph (7)
 E - a wand of charming (3)
 U - a wand of quicksilver (4)
 V - a wand of flame (67)
Scrolls
 d - 4 scrolls of immolation
 j - a scroll of noise
 n - a scroll of fear
 I - 4 scrolls of vulnerability
 L - 6 scrolls of revelation
 M - a scroll of poison
 R - 4 scrolls of identify
 T - 4 scrolls of teleportation
Potions
 e - 3 potions of ambrosia
 h - 6 potions of berserk rage
 i - 2 potions of resistance
 o - 2 potions of invisibility
 s - 2 potions of cancellation
 u - a potion of attraction
 A - 4 potions of magic
 D - 4 potions of enlightenment
 H - 3 potions of haste
 J - 5 potions of mutation
 O - 3 potions of lignification
 P - 4 potions of might
 Q - 7 potions of curing
Miscellaneous
 X - a box of beasts
 Y - a tin of tremorstones (2/2)


   Skills:
 + Level 18.7 Fighting
 - Level 5.0 Long Blades
 - Level 12.0 Maces & Flails
 + Level 7.1 Throwing
 - Level 18.0 Armour
 - Level 4.0 Dodging
 - Level 18.0 Shields
 - Level 10.0 Invocations


You had 17 spell levels left.
You didn't know any spells.
Your spell library contained the following spells:

 Spells                   Type           Power      Damage    Failure   Level
 Apportation              Tloc           0%         N/A       80%         1
 Necrotise                Necr           0%         1d4       80%         1
 Sandblast                Erth           0%         2d4       80%         1
 Sting                    Conj/Alch      0%         1d3       80%         1
 Summon Small Mammal      Summ           0%         N/A       80%         1
 Blink                    Tloc           0%         N/A       91%         2
 Jinxbite                 Hex            0%         N/A       91%         2
 Lesser Beckoning         Tloc           0%         N/A       91%         2
 Momentum Strike          Conj/Tloc      0%         3d8       91%         2
 Static Discharge         Conj/Air       0%         3-3/arc   91%         2
 Dazzling Flash           Conj/Hex       0%         N/A       99%         3
 Passwall                 Erth           0%         N/A       99%         3
 Stone Arrow              Conj/Erth      0%         3d7       99%         3
 Volatile Blastmotes      Fire/Tloc      0%         2d10      99%         3
 Airstrike                Air            0%         2d(0-16)  100%        4
 Anguish                  Hex/Necr       0%         N/A       100%        4
 Brom's Barrelling Bould  Conj/Erth      0%         2d3       100%        4
 Cause Fear               Hex            0%         N/A       100%        4
 Summon Blazeheart Golem  Fire/Summ      0%         N/A       100%        4
 Summon Lightning Spire   Summ/Air       0%         N/A       100%        4
 Alistair's Intoxication  Alch           0%         N/A       100%        5
 Starburst                Conj/Fire      0%         6d3       100%        6
 Enfeeble                 Hex            0%         N/A       100%        7
 Orb of Destruction       Conj           0%         9d5       100%        7
 Spellforged Servitor     Conj/Summ      0%         N/A       100%        7
 Maxwell's Capacitive Co  Air            0%         ∞         100%        8


Dungeon Overview and Level Annotations

Branches:
Dungeon (15/15)            Temple (1/1) D:6            Lair (5/5) D:9
  Swamp (1/4) Lair:3       Spider (4/4) Lair:2        Slime (0/5) Lair:4
    Orc (2/2) D:10            Elf (0/3) Orc:2        Vaults (0/5) D:14
 Depths (0/4) D:15

Altars:
Ashenzari
Cheibriados
Dithmenos
Elyvilon
Fedhas
Gozag
Hepliaklqana
Kikubaaqudgha
Makhleb
Nemelex Xobeh
Okawaru
Qazlal
Ru
Sif Muna
Trog
Uskayaw
Vehumet
Wu Jian
Xom
Yredelemnul
Zin
The Shining One
Jiyva

Shops:
Orc:2 =*!([

Portals:
Trove: D:10 (give 16 scrolls of teleportation)

Annotations:
Temple 4 transporters


Innate Abilities, Weirdness & Mutations

You are immune to sickness and miasma.
Your stone body is resilient. (AC +13)
You are immune to poison.
Your large and strong wings let you fly.
You resist negative energy. (rN+)
You are resistant to electric shocks. (rElec)
You are resistant to unholy torment.
You are immune to petrification.


Message History

You block the emperor scorpion's attack.
The emperor scorpion claws you but does no damage.
You block the emperor scorpion's attack.
The emperor scorpion attacks as it pursues you!
The emperor scorpion stings you but does no damage.
The emperor scorpion claws you but does no damage. x2
The emperor scorpion stings you!!
* * * LOW HITPOINT WARNING * * *
You block the emperor scorpion's attack.
The emperor scorpion claws you but does no damage.
The emperor scorpion stings you but does no damage.
The emperor scorpion claws you but does no damage. x2
Being near the torpor snail leaves you feeling lethargic.
The emperor scorpion stings you but does no damage.
The emperor scorpion claws you but does no damage. x2
Unknown command.
Okay, then.
Unknown command.
You feel much better.
You block the emperor scorpion's attack. x3
The emperor scorpion stings you but does no damage.
The emperor scorpion closely misses you.
The emperor scorpion claws you but does no damage.
The moth of wrath bites you but does no damage.
The emperor scorpion barely misses you.
The emperor scorpion claws you but does no damage. x2
The emperor scorpion stings you but does no damage.
The emperor scorpion claws you.
* * * LOW HITPOINT WARNING * * *
The emperor scorpion claws you!
* * * LOW HITPOINT WARNING * * *
The moth of wrath bites you but does no damage.
The emperor scorpion stings you.
* * * LOW HITPOINT WARNING * * *
The emperor scorpion claws you but does no damage.
The emperor scorpion barely misses you.
As you read the scroll of teleportation, it crumbles to dust.
You feel strangely unstable.
You block the emperor scorpion's attack. x2
The emperor scorpion claws you but does no damage.
The emperor scorpion stings you!
* * * LOW HITPOINT WARNING * * *
The emperor scorpion completely misses you.
The emperor scorpion misses you. You block the moth of wrath's attack.
The emperor scorpion stings you but does no damage.
The emperor scorpion claws you but does no damage. x2
The emperor scorpion stings you but does no damage.
The emperor scorpion claws you but does no damage. x2
The emperor scorpion stings you!
You die...

.#..#^........~~~~~~~~~~~........
...~.~........#..^...........^...
.^.#~.#.......^....w...#^........
#..#.^#.^.....#...#............#~
..######.##.^#~....#.~~.#.~..##^.
...###.^#..~^..~~^~^#~~#^#^#..#~^
^................................
.......#.....#.ssy...............
..#............^@y.....#.....#...
....^............................
......................#..........
.#.......#^............)#........
#.......^.................^..^...
....................^..........).
...^.............<........#......
#....#........#.........^........
##.#..^#..^.............#..#.....


You could see 2 emperor scorpions, a torpor snail, a sun moth and a moth of
wrath.

Vanquished Creatures
  Asterion (Spider:3)
  Roxanne (Spider:3)
  Kirke (D:12)
  A tengu reaver (D:15)
  Donald (Spider:2)
  A fire giant (D:15)
  3 emperor scorpions
  3 ghost moths
  An orc warlord (D:10)
  A stone giant (D:15)
  A broodmother (Spider:3)
  An ironbound thunderhulk (D:14)
  The ghost of Ylounoac the Severer, a journeyman MiBe of Trog (D:14)
  A spark wasp (Lair:2)
  Azrael (Spider:1)
  10 entropy weavers
  Snorg (Lair:4)
  The ghost of Fodor the Cleaver, a journeyman MiFi of Gozag (D:10)
  3 vault guards (D:14)
  Harold (D:9)
  An ice dragon (D:15)
  7 hydras
  A centaur warrior (D:14)
  2 jorogumos
  2 ogre magi (D:15)
  A catoblepas (Lair:2)
  7 death yaks
  7 two-headed ogres
  4 boulder beetles
  A tengu warrior (D:15)
  14 demonic crawlers
  5 orc high priests
  Amaemon (Lair:3)
  3 deep elf knights (D:11)
  2 skysharks
  A sun demon (D:12)
  5 pharaoh ants
  A sea snake (shapeshifter) (D:15)
  A goliath frog (Lair:5)
  A death drake (shapeshifter) (D:15)
  A deep troll (D:15)
  An orb spider (shapeshifter) (D:15)
  A swamp dragon (Lair:3)
  An obsidian statue (D:15)
  3 slime creatures (D:15)
  13 orb spiders
  7 deep elf zephyrmancers
  10 orc knights
  A deep elf archer (D:11)
  4 sun moths
  8 steelbarb worms
  3 orc sorcerers
  13 ugly things
  11 deep elf pyromancers
  A shining eye (shapeshifter) (D:15)
  29 wolf spiders
  8 cyclopes
  6 moths of wrath
  6 manticores
  3 oklob plants
  17 meliai
  A black mamba (shapeshifter) (D:13)
  4 kobold blastminers (Orc:2)
  A meliai (shapeshifter) (D:15)
  32 elephants
  6 black mambas
  18 cane toads
  2 orange demons
  An unseen horror (D:11)
  8 torpor snails
  An unseen horror (shapeshifter) (D:15)
  3 rime drakes
  A freezing wraith (D:14)
  2 kobold demonologists (D:12)
  A tengu conjurer (D:14)
  7 komodo dragons
  10 polar bears
  An ice devil (D:12)
  10 trolls
  A wind drake (shapeshifter) (D:15)
  21 tarantellas
  The ghost of nroviw the Insei, an amateur DsFi (D:4)
  21 blink frogs
  3 tyrant leeches
  A queen bee (shapeshifter) (D:15)
  A raiju (Orc:1)
  9 dream sheep
  A hornet (shapeshifter) (D:15)
  A dream sheep (shapeshifter) (D:15)
  25 jumping spiders
  26 culicivoras
  2 wraiths
  2 shadows
  4 wyverns
  57 yaks
  A fire bat (Orc:1)
  9 basilisks
  4 hogs (D:12)
  2 steam dragons
  2 humans
  2 fire elementals (Spider:1)
  9 vampire mosquitoes
  51 redbacks
  A warg (D:10)
  2 acid dragons
  An acid dragon (shapeshifter) (D:15)
  12 water moccasins
  3 hell hounds
  A sky beast (shapeshifter) (D:15)
  4 ice beasts (D:6)
  A sky beast (D:7)
  34 orc warriors
  A laughing skull (D:15)
  11 wolves (Lair:1)
  A black bear (D:4)
  8 ogres
  11 centaurs
  4 kobold brigands
  26 bullfrogs
  A gnoll sergeant (D:7)
  2 scorpions
  4 killer bees (D:11)
  A howler monkey (D:6)
  An electric eel (Lair:5)
  A bombardier beetle (D:5)
  2 bullfrog zombies (D:4)
  A centaur zombie (D:4)
  3 crimson imps
  A quasit (D:4)
  4 hounds
  4 jellies
  33 orc priests
  A sleepcap (D:6)
  9 iguanas
  28 orc wizards
  11 hell rats
  A killer bee zombie (D:4)
  8 gnolls
  5 adders
  3 shadow imps (D:4)
  4 white imps (D:12)
  5 ufetubi (D:4)
  2 ribbon worms
  91 orcs
  11 ball pythons
  6 bats
  8 endoplasms
  2 giant cockroaches (D:2)
  8 goblins
  12 hobgoblins
  7 jackals
  16 kobolds
  6 quokkas
  5 frilled lizards
  2 rats
1044 creatures vanquished.

Vanquished Creatures (collateral kills)
  A broodmother (Spider:3)
  A boulder beetle (Lair:5)
  2 meliai (Spider:3)
  A rime drake (Lair:5)
  A torpor snail (Spider:3)
  A jumping spider (Spider:3)
7 creatures vanquished.

Vanquished Creatures (others)
  An orb spider (Spider:1)
  A deep elf pyromancer (D:12)
  A human (D:12)
  A redback (Spider:1)
  A crimson imp (D:12)
  2 kobolds
7 creatures vanquished.

Grand Total: 1058 creatures vanquished

Notes
Turn   | Place    | Note
-------+----------+-------------------------------------------
     0 | D:1      | Sobieck the Gargoyle Monk began the quest for the Orb.
     0 | D:1      | Reached XP level 1. HP: 14/14 MP: 1/1
   134 | D:1      | Reached XP level 2. HP: 19/19 MP: 2/2
   426 | D:1      | Reached XP level 3. HP: 16/24 MP: 3/3
  1035 | D:2      | Found a faded altar of an unknown god.
  1301 | D:2      | Reached XP level 4. HP: 28/29 MP: 4/4
  1823 | D:3      | Found a hide-covered altar of Uskayaw.
  1837 | D:3      | Identified the +5 short sword of Peace {pain, Fly rF++
                  | rCorr}
  1875 | D:3      | Reached XP level 5. HP: 34/34 MP: 5/5
  1913 | D:3      | Found a broken altar of Ashenzari.
  2553 | D:4      | Found a runed translucent gate.
  2553 | D:4      | Found a runed translucent gate.
  2554 | D:4      | Found a runed translucent gate.
  2562 | D:4      | Reached XP level 6. HP: 32/40 MP: 6/6
  2594 | D:4      | Noticed a black bear
  2604 | D:4      | Killed a black bear
  2605 | D:4      | Reached skill level 6 in Fighting
  2987 | D:4      | Noticed nroviw's ghost (amateur DsFi)
  3274 | D:5      | Entered Level 5 of the Dungeon
  3308 | D:5      | Reached XP level 7. HP: 35/48 MP: 7/7
  3488 | D:5      | Reached skill level 1 in Armour
  3488 | D:5      | Reached skill level 1 in Shields
  3602 | D:5      | Identified the +0 ring mail of Gugopo {rF+}
  4205 | D:6      | Reached skill level 6 in Maces & Flails
  4353 | D:6      | Reached XP level 8. HP: 29/53 MP: 8/8
  4387 | D:6      | Noticed a shadow
  4398 | D:6      | Killed a shadow
  4455 | D:6      | Identified the +9 long sword "Sobieck's Curse" {speed,
                  | Will+}
  4594 | D:6      | Reached skill level 3 in Shields
  4639 | D:6      | Found a staircase to the Ecumenical Temple.
  4648 | D:6      | Reached skill level 3 in Armour
  4656 | Temple   | Found a transporter.
  4656 | Temple   | Found a transporter.
  4656 | Temple   | Found a transporter.
  4656 | Temple   | Found a transporter.
  4656 | Temple   | Entered the Ecumenical Temple
  4674 | Temple   | Became a worshipper of the Shining One
  4674 | Temple   | Reached * piety under the Shining One
  4674 | Temple   | Reached ** piety under the Shining One
  5059 | D:6      | Reached skill level 1 in Long Blades
  5144 | D:6      | Reached XP level 9. HP: 60/60 MP: 9/9
  5255 | D:7      | Found a shimmering altar of Xom.
  5711 | D:8      | Found a radiant altar of Vehumet.
  5716 | D:8      | Found a basalt altar of Yredelemnul.
  5724 | D:8      | Reached skill level 3 in Long Blades
  5900 | D:8      | Noticed a two-headed ogre
  5908 | D:8      | Killed a two-headed ogre
  5909 | D:8      | Reached skill level 9 in Fighting
  5909 | D:8      | Reached skill level 6 in Shields
  6191 | D:8      | Reached XP level 10. HP: 66/66 MP: 10/10
  6443 | D:9      | Noticed a two-headed ogre
  6443 | D:9      | Noticed a two-headed ogre
  6455 | D:8      | Killed a two-headed ogre
  6456 | D:8      | Reached skill level 6 in Armour
  6483 | D:8      | Killed a two-headed ogre
  6560 | D:9      | Found a staircase to the Lair.
  6741 | D:9      | Reached skill level 9 in Shields
  7089 | D:9      | Noticed Harold
  7116 | D:9      | Killed Harold
  7117 | D:9      | Reached skill level 9 in Armour
  7200 | D:10     | Entered Level 10 of the Dungeon
  7214 | D:10     | Found a runed translucent gate.
  7214 | D:10     | Found a runed translucent gate.
  7215 | D:10     | Found a runed translucent gate.
  7222 | D:10     | Noticed Fodor's ghost (journeyman MiFi)
  7312 | D:10     | Reached skill level 1 in Invocations
  7330 | D:10     | Reached XP level 11. HP: 44/71 MP: 7/11
  7330 | D:10     | Noticed a cyclops
  7354 | D:10     | Killed a cyclops
  7415 | D:10     | Found a staircase to the Orcish Mines.
  7440 | D:10     | Found a portal to a secret trove of treasure.
  7540 | D:10     | Reached skill level 3 in Invocations
  7620 | D:10     | Reached *** piety under the Shining One
  7852 | D:10     | Noticed a two-headed ogre
  7865 | D:10     | Killed a two-headed ogre
  8286 | D:11     | Noticed a manticore
  8295 | D:11     | Killed a manticore
  8334 | D:11     | Noticed a green ugly thing
  8345 | D:11     | Killed a green ugly thing
  8368 | D:11     | Noticed a two-headed ogre
  8378 | D:11     | Killed a two-headed ogre
  8562 | D:11     | Found a glowing golden altar of the Shining One.
  8728 | D:12     | Noticed a deep elf zephyrmancer
  8728 | D:12     | Noticed a deep elf pyromancer
  8750 | D:11     | Killed a deep elf zephyrmancer
  8765 | D:11     | Killed a deep elf pyromancer
  8790 | D:12     | Noticed a deep elf zephyrmancer
  8790 | D:12     | Noticed a deep elf pyromancer
  8795 | D:12     | Killed a deep elf pyromancer
  8801 | D:12     | Killed a deep elf zephyrmancer
  8802 | D:12     | Reached XP level 12. HP: 72/79 MP: 14/16
  8806 | D:12     | Noticed a deep elf knight
  8884 | D:11     | Reached skill level 6 in Invocations
  8929 | D:11     | Killed a deep elf knight
  8961 | D:12     | Noticed a deep elf knight
  8988 | D:11     | Killed a deep elf knight
  9121 | D:12     | Noticed a deep elf knight
  9147 | D:11     | Killed a deep elf knight
  9155 | D:12     | Reached **** piety under the Shining One
  9351 | D:11     | Reached skill level 12 in Fighting
  9351 | D:11     | Reached skill level 12 in Armour
  9351 | D:11     | Reached skill level 12 in Shields
  9576 | D:12     | Reached XP level 13. HP: 82/86 MP: 17/17
  9609 | D:12     | Noticed Kirke
  9649 | D:12     | Killed Kirke
  9804 | D:12     | Identified the +1 sling of Voagg {flame, rPois Will+ Dex+3
                  | Stlth+}
  9952 | D:12     | You fall into a shaft and drop 2 floors!
 10690 | Lair:1   | Entered Level 1 of the Lair of Beasts
 11994 | Lair:2   | Gained mutation: Your large and strong wings let you fly.
                  | [Gargoyle growth]
 11994 | Lair:2   | Reached XP level 14. HP: 94/95 MP: 18/18
 12309 | Lair:2   | Found a hole to the Spider Nest.
 12770 | Lair:3   | Reached ***** piety under the Shining One
 12922 | Lair:3   | Found a staircase to the Swamp.
 13747 | Lair:3   | Noticed Amaemon
 13764 | Lair:3   | Killed Amaemon
 14195 | Lair:4   | Noticed Snorg
 14211 | Lair:4   | Killed Snorg
 14350 | Lair:4   | Found a staircase to the Slime Pits.
 14350 | Lair:4   | Found a viscous altar of Jiyva.
 14836 | Lair:4   | Reached XP level 15. HP: 94/101 MP: 21/21
 14908 | Lair:5   | Entered Level 5 of the Lair of Beasts
 14980 | Lair:5   | Noticed Nessos
 14992 | Lair:5   | Nessos changed into Nessos the cyclops
 14992 | Lair:5   | Noticed Nessos
 15003 | Lair:4   | Killed Nessos the cyclops
 15032 | Lair:4   | Reached skill level 15 in Armour
 15038 | Lair:4   | Reached skill level 15 in Shields
 15078 | Lair:4   | Reached skill level 15 in Fighting
 15530 | Lair:5   | Reached ****** piety under the Shining One
 15561 | Lair:5   | Identified a +3 sacred scourge of holy wrath {god gift} (a
                  | +1 demon whip of venom blessed by the Shining One)
 15561 | Lair:5   | Received a gift from the Shining One
 15655 | Lair:4   | Reached skill level 9 in Invocations
 15970 | Lair:5   | Identified the +1 scale mail of Midnight {Harm}
 16941 | Orc:1    | Entered Level 1 of the Orcish Mines
 17029 | Orc:1    | Noticed an orc warlord
 17081 | D:10     | Killed an orc warlord
 17331 | Orc:1    | Found a shimmering altar of Xom.
 17622 | Orc:2    | Entered Level 2 of the Orcish Mines
 17622 | Orc:2    | Found a staircase to the Elven Halls.
 17631 | Orc:2    | Found Qarchexou's Jewellery Emporium.
 18120 | Orc:2    | Reached XP level 16. HP: 65/110 MP: 23/23
 18223 | Orc:2    | Reached skill level 9 in Maces & Flails
 18781 | Orc:2    | Found Huikieth's General Store.
 18784 | Orc:2    | Found Dobrup's Weapon Shop.
 18785 | Orc:2    | Found Modideax's Armour Shop.
 18786 | Orc:2    | Found Feruum's Distillery.
 18793 | Orc:2    | Bought a scroll of enchant armour for 90 gold pieces
 19101 | Orc:2    | Bought the +10 chain mail of Ciagoham {rF+} for 890 gold
                  | pieces
 19101 | Orc:2    | Bought a scarf of resistance for 416 gold pieces
 19692 | D:13     | Identified the +5 flail of Fogirph {holy, *Rage rF+++ rCorr
                  | Str+3}
 20471 | D:14     | Found an ornate altar of the Wu Jian Council.
 20580 | D:14     | Found a large runed translucent door.
 20580 | D:14     | Found a large runed translucent door.
 20584 | D:14     | Noticed Ylounoac's ghost (journeyman MiBe)
 20818 | D:14     | Found a gate to the Vaults.
 21148 | D:4      | Killed nroviw's ghost
 21365 | D:10     | Killed Fodor's ghost
 21408 | D:10     | Identified the +0 pair of boots "Wokou" {rF+ rN+ Str+2}
 21524 | D:14     | Killed Ylounoac's ghost
 21553 | D:15     | Entered Level 15 of the Dungeon
 21980 | D:15     | Noticed a tengu reaver
 22397 | D:15     | Identified the +3 great sword of Laceration {elec, rPois
                  | rC+}
 22627 | D:15     | Found a staircase to the Depths.
 22799 | D:15     | Identified the +9 plate armour of Isidda {rN+}
 22983 | D:15     | Killed a tengu reaver
 22984 | D:15     | Reached XP level 17. HP: 116/116 MP: 24/24
 23224 | Spider:1 | Entered Level 1 of the Spider Nest
 23531 | Swamp:1  | Entered Level 1 of the Swamp
 23811 | Spider:1 | Reached skill level 12 in Maces & Flails
 23931 | Spider:1 | Noticed Azrael
 23952 | Spider:1 | Killed Azrael
 24158 | Spider:1 | Reached skill level 1 in Throwing
 24244 | Spider:1 | Reached skill level 3 in Dodging
 25486 | Spider:2 | Reached skill level 3 in Throwing
 25506 | Spider:2 | Noticed Donald
 25530 | Spider:2 | Killed Donald
 26295 | Spider:3 | Reached XP level 18. HP: 121/124 MP: 25/25
 26332 | Spider:3 | HP: 5/124 [wolf spider[a torpor snail] (6)]
 26334 | Spider:3 | HP: 2/124 [wolf spider[a torpor snail] (3)]
 26960 | Spider:3 | Noticed Roxanne
 27006 | Spider:3 | Killed Roxanne
 27125 | Spider:4 | Entered Level 4 of the Spider Nest
 27555 | Spider:3 | Reached skill level 18 in Armour
 27584 | Spider:3 | Reached skill level 18 in Fighting
 27584 | Spider:3 | Reached skill level 18 in Shields
 27836 | Spider:4 | Noticed Asterion
 27857 | Spider:3 | Killed Asterion
 27965 | Spider:3 | Reached skill level 6 in Throwing
 28909 | Spider:4 | HP: 6/126 [emperor scorpion (7)]
 28909 | Spider:4 | Slain by an emperor scorpion

Illustrated notes

Levels and vault maps discovered:
D:1:      dpeg_arrival_court, layout_rooms, chequers_big_river
D:2:      layout_rooms, ebering_ecumenical_altar_abandoned
D:3:      layout_rooms, ashenzari_conservatory_becter,
          eat_drink_and_be_merry_uskayaw, serial_corexii_hall,
          corexii_hall_statues_x, corexii_hall_statues_x,
          corexii_hall_statues_u, corexii_hall_statues_s
D:4:      layout_basic, gammafunk_ghost_necromancy, serial_demonic,
          serial_demonic_a, serial_demonic_b, serial_demonic_g, serial_demonic_c
D:5:      layout_loops_ring, nicolae_zen_rock_garden
D:6:      layout_basic, temple_green, dk_noncrumbling_2
D:7:      layout_basic, mainiacjoe_overflow_catwalk, feat_on_display
D:8:      layout_loops_corners, mainiacjoe_overflow_catwalk_spiral
D:9:      layout_long_grid, lair_entry_dummy, uniq_harold
D:10:     layout_roguey, erik_orc_4, enter_trove_0, biasface_ghost_orc_armoury,
          serial_curves, eino_curves_01, eino_curves_03,
          minmay_misc_feat_enclosed, hangedman_decor_growths
D:11:     layout_small_grid, tso_altar
D:12:     minmay_elf_outpost, layout_basic, minmay_fire_ice_demons, uniq_kirke
D:13:     layout_irregular_city
D:14:     layout_basic, hellmonk_vaults_keyhole, ebering_ghost_disaster_area,
          serial_bayou_pond_e, nicolae_wu_jian_wuxing_cycle
D:15:     vault_1, layout_rooms, wad_floor_pattern_untrapped
Temple:   hellmonk_temple_divided_pantheon
Lair:1:   layout_regular_city
Lair:2:   layout_cave_pods, hellmonk_spider_entry_life_and_decay
Lair:3:   layout_regular_city, mainiacjoe_swamp_entry_lozenge_pond,
          infiniplex_staircase_pool_2, uniq_amaemon
Lair:4:   layout_regular_city, slime_entry_1, grunt_megastairs_2, uniq_snorg
Lair:5:   minmay_lair_end_frog_pond, layout_gridlike, lemuel_fruit_fields,
          uniq_nessos
Swamp:1:  layout_basic_swamp, nicolae_swamp_little_swirl, swamp_pool_1_2,
          uniq_louise
Spider:1: spider_temple_joshua, uniq_azrael
Spider:2: layout_spider_delve, nicolae_orb_island, uniq_donald
Spider:3: layout_spider_delve, nicolae_spider_shape, uniq_roxanne
Spider:4: grunt_spider_rune_island, uniq_asterion
Orc:1:    cheibrodos_orc_bank, layout_caves, regret_index_xom_of_box
Orc:2:    st_orc_pillars, layout_caves, serial_shops, shop

Skill      XL: |  1  2  3  4  5  6  7  8  9 10 11 12 13 14 15 16 17 18 |
---------------+-------------------------------------------------------+-----
Maces & Flails | 4 5 6 7 8 11 12 | 12.0
Fighting       | 4 5 7 8 9 10 12 13 14 15 16 17 18 | 18.7
Armour         | 2 4 5 9 10 12 13 14 15 16 17 18 | 18.0
Shields        | 2 4 7 9 10 12 13 14 15 16 17 18 | 18.0
Long Blades    | 2 3 5 |  5.0
Invocations    | 1 5 6 8 9 10 | 10.0
Throwing       | 3 7 |  7.1
Dodging        | 4 |  4.0

Action                     |  1- 3 |  4- 6 |  7- 9 | 10-12 | 13-15 | 16-18 || total
---------------------------+-------+-------+-------+-------+-------+-------++-------
  Melee: Mace              |   106 |    34 |       |       |       |       ||   140
         Flail             |       |   127 |    84 |       |       |       ||   211
         Long sword        |       |       |   149 |   560 |  1600 |       ||  2309
         Sacred scourge    |       |       |       |       |   565 |  2047 ||  2612
  Throw: Stone             |       |       |       |       |     1 |     3 ||     4
         Javelin           |       |       |       |       |       |     1 ||     1
 Invoke: Divine Shield     |       |       |       |     4 |     5 |     4 ||    13
         Cleansing Flame   |       |       |       |       |     1 |     2 ||     3
         Summon Divine War |       |       |       |       |     1 |     2 ||     3
         Brand Weapon With |       |       |       |       |     1 |       ||     1
  Evoke: Wand              |       |       |       |       |     1 |       ||     1
    Use: Scroll            |       |       |    13 |     4 |    15 |    10 ||    42
         Potion            |       |       |       |     2 |     3 |     8 ||    13
 Armour: Robe              |     8 |       |       |       |       |       ||     8
         Leather armour    |    51 |   136 |       |       |       |       ||   187
         Skin              |     9 |       |       |       |       |       ||     9
         Chain mail        |       |    10 |    17 |       |       |  1533 ||  1560
         Ring mail         |       |       |   171 |   496 |  1488 |    83 ||  2238
  Dodge: Dodged            |    83 |   158 |   118 |   244 |   770 |   591 ||  1964
  Block: Kite shield       |       |       |    78 |   469 |  1542 |  1450 ||  3539
         Reflection        |       |       |       |       |       |     1 ||     1

Table legend: (Time is in decaauts)
 A = Elapsed time spent in this place.
 B = Non-inter-level travel time spent in this place.
 C = Inter-level travel time spent in this place.
 D = Time resting spent in this place.
 E = Time spent auto-exploring this place.
 F = Levels seen in this place.
 G = Mean time per level.
                   A        B        C        D        E       F      G
               +--------+--------+--------+--------+--------+-----+--------+
         Total |  27832 |  25902 |   1930 |   2187 |  15651 |  28 |  994.0 |
       Dungeon |  14660 |  13467 |   1193 |    820 |   9311 |  15 |  977.3 |
        Temple |     36 |     18 |     18 |      0 |      0 |   1 |   36.0 |
          Lair |   6318 |   5956 |    362 |    452 |   3137 |   5 | 1263.6 |
         Swamp |      1 |      1 |      0 |      0 |      0 |   1 |    1.0 |
   Spider Nest |   4827 |   4705 |    122 |    788 |   2241 |   4 | 1206.8 |
  Orcish Mines |   1987 |   1754 |    233 |    126 |    962 |   2 |  993.5 |
               +--------+--------+--------+--------+--------+-----+--------+

Top non-repeatable levels by time:
Spider:3: 1717 daAuts
    D:12: 1472 daAuts
  Lair:5: 1439 daAuts
  Lair:4: 1379 daAuts
    D:15: 1335 daAuts
   Orc:2: 1301 daAuts
  Lair:2: 1277 daAuts
    D:11: 1232 daAuts
  Lair:3: 1209 daAuts
    D:10: 1182 daAuts
Spider:2: 1175 daAuts
    D:14: 1174 daAuts
     D:4: 1056 daAuts
Spider:1: 1027 daAuts
  Lair:1: 1012 daAuts
